 Dungeon Crawl Stone Soup version 0.29-a0-266-gf56f883ddd (webtiles) character file.

Game seed: 7795618575014576663

3362 enile the Ducker (level 9, -2/54 HPs)
             Began as a Deep Elf Air Elementalist on Mar 6, 2022.
             Was a Believer of Vehumet.
             Shot with a bolt by an orc warrior (20 damage)
             ... in a bailey.
             The game lasted 00:16:23 (8463 turns).

enile the Ducker (Deep Elf Air Elementalist)        Turns: 8463, Time: 00:16:23

Health: -2/54      AC:  9    Str: 11    XL:     9   Next: 73%
Magic:  16/20      EV: 15    Int: 29    God:    Vehumet [**....]
Gold:   480        SH:  0    Dex: 17    Spells: 13/20 levels left

rFire   . . .      SeeInvis .   d - +0 arbalest
rCold   + . .      Faith    .   (shield currently unavailable)
rNeg    . . .      Spirit   .   v - +0 scale mail "Eczereig" {rC+ Int+4 Dex+2 Slay+2}
rPois   .          Reflect  .   z - +1 helmet
rElec   .          Harm     .   (no cloak)
rCorr   .          Rampage  .   (no gloves)
Will    .....                   (no boots)
Stlth   +.........              B - amulet of regeneration
HPRegen 0.98/turn               J - +4 ring of evasion
MPRegen 0.17/turn               j - +6 ring of strength

@: no status effects
A: no striking features
a: Renounce Religion


You were in a bailey.
You worshipped Vehumet.
Vehumet was pleased with you.
You visited 2 branches of the dungeon, and saw 9 of its levels.
You also visited: Bailey.

You collected 480 gold pieces.

Inventory:

Hand Weapons
 d - a +0 arbalest (weapon)
 k - a +2 vorpal hand axe
 l - a +1 mace of protection
 r - the +11 battleaxe "Qogoachu" {flame, Str+7}
   (You found it on level 2 of the Dungeon)

   It burns those it strikes, dealing additional fire damage.
   Big, fiery blades are also staple armaments of hydra-hunters.
   Str:       It affects your strength (+7).
 L - a +2 dire flail of protection
 S - a +0 war axe
 T - the +8 morningstar of the Special Tusks {chaos, rElec rCorr Dex+5 Stlth+}
   (You found it on level 8 of the Dungeon)

   Each time it hits an enemy it has a different, random effect.
   Dex:       It affects your dexterity (+5).
   rElec:     It insulates you from electricity.
   rCorr:     It protects you from acid and corrosion.
   Stlth:     It makes you more stealthy.
Missiles
 m - 3 curare-tipped darts
 Q - 57 stones
Armour
 a - a +0 robe
 v - the +0 scale mail "Eczereig" (worn) {rC+ Int+4 Dex+2 Slay+2}
   (You found it on level 3 of the Dungeon)

   Int:       It affects your intelligence (+4).
   Dex:       It affects your dexterity (+2).
   Slay:      It affects your accuracy & damage with ranged weapons and melee
   (+2).
   rC:        It protects you from cold.
 z - a +1 helmet (worn)
 R - a +0 buckler
 U - a +4 scale mail
Jewellery
 g - a +6 ring of dexterity
 j - a +6 ring of strength (right hand)
 B - an amulet of regeneration (around neck)
 J - a +4 ring of evasion (left hand)
 N - a +4 ring of evasion
Wands
 t - a wand of charming (16)
 w - a wand of digging (1)
 E - a wand of mindburst (22)
 K - a wand of iceblast (3) (quivered)
Scrolls
 e - a scroll of fog
 f - 2 scrolls of silence
 n - 2 scrolls of teleportation {unknown}
 o - a scroll of fear
 y - 3 scrolls of vulnerability {unknown}
 A - 3 scrolls of immolation {unknown}
 C - a scroll of enchant weapon {unknown}
 F - a scroll of summoning {unknown}
 H - 2 scrolls of amnesia {unknown}
 I - a scroll of enchant armour {unknown}
 O - a scroll of noise
 P - a scroll of blinking {unknown}
Potions
 b - a potion of magic
 c - 3 potions of flight {unknown}
 h - 3 potions of brilliance {unknown}
 i - 4 potions of haste {unknown}
 p - 2 potions of heal wounds {unknown}
 q - a potion of mutation {unknown}
 s - a potion of attraction {unknown}
 u - 4 potions of lignification {unknown}
 x - a potion of resistance {unknown}
 D - 2 potions of curing {unknown}
 G - 2 potions of berserk rage {unknown}
 M - a potion of cancellation {unknown}


   Skills:
 - Level 5.0 Fighting
 - Level 3.0 Axes
 - Level 2.0 Throwing
 - Level 6.0 Armour
 + Level 6.6 Dodging
 - Level 4.0 Stealth
 - Level 6.0 Spellcasting
 - Level 1.1 Conjurations
 - Level 4.0 Air Magic
 - Level 3.0 Earth Magic
 - Level 4.0 Evocations


You had 13 spell levels left.
You knew the following spells:

 Your Spells              Type           Power      Damage    Failure   Level
a - Shock                 Conj/Air       92%        1d8       10%         1
b - Static Discharge      Conj/Air       23%        N/A       14%         2
c - Swiftness             Air            31%        N/A       16%         3
d - Sandblast             Erth           52%        2d12      8%          1

Your spell library contained the following spells:

 Spells                   Type           Power      Damage    Failure   Level
 Poisonous Vapours        Pois/Air       40%        N/A       19%         2
 Magic Dart               Conj           60%        1d6       17%         1
 Freeze                   Ice            32%        1d5       26%         1
 Searing Ray              Conj           30%        2d5       26%         2
 Scorch                   Fire           16%        2d6       38%         2
 Airstrike                Air            15%        N/A       45%         4
 Confusing Touch          Hex            8%         N/A       63%         3
 Frozen Ramparts          Ice            16%        1d3       63%         3
 Flame Wave               Conj/Fire      11%        2d5       91%         4
 Fulminant Prism          Conj/Hex       5%         3d7       91%         4
 Hailstorm                Conj/Ice       11%        3d5       91%         4
 Yara's Violent Unravell  Hex/Tmut       4%         3d4       100%        5
 Summon Cactus Giant      Summ           4%         N/A       100%        6
 Enfeeble                 Hex            4%         N/A       100%        7


Dungeon Overview and Level Annotations

Branches:
Dungeon (8/15)             Temple (1/1) D:4          Bailey (1/1)
   Lair: D:8-11

Altars:
Ashenzari
Cheibriados
Dithmenos
Elyvilon
Fedhas
Gozag
Hepliaklqana
Kikubaaqudgha
Makhleb
Nemelex Xobeh
Okawaru
Qazlal
Ru
Sif Muna
Trog
Uskayaw
Vehumet
Wu Jian
Xom
Yredelemnul
Zin
The Shining One

Annotations:
D:3 2 transporters, pigah's ghost, amateur OpAE


Message History

You kill the orc!
Vehumet accepts your kill.
You feel your power returning.
The orc warrior shoots a bolt.
The bolt misses you.
Casting: Shock (safe; 10% risk of failure)
Confirm with . or Enter, or press ? or * to list all spells.
Aiming: Shock (safe; 10% risk of failure)
Press: ? - help, Shift-Dir - straight line, f - orc warrior
Aim: an orc warrior, wielding a +0 arbalest and wearing a +0 scale mail (lightly wounded, 67% to hit)
The zap hits the orc warrior but does no damage.
The orc warrior is lightly wounded.
The orc warrior shoots a bolt.
The bolt hits you!
Casting: Shock (safe; 10% risk of failure)
Confirm with . or Enter, or press ? or * to list all spells.
Aiming: Shock (safe; 10% risk of failure)
Press: ? - help, Shift-Dir - straight line, f/p - orc warrior
Aim: an orc warrior, wielding a +0 arbalest and wearing a +0 scale mail (lightly wounded, 67% to hit)
The zap hits the orc warrior!
The orc warrior is moderately wounded.
The orc warrior shoots a bolt.
The bolt closely misses you.
Casting: Shock (safe; 10% risk of failure)
Confirm with . or Enter, or press ? or * to list all spells.
Aiming: Shock (safe; 10% risk of failure)
Press: ? - help, Shift-Dir - straight line, f/p - orc warrior
Aim: an orc warrior, wielding a +0 arbalest and wearing a +0 scale mail (moderately wounded, 67% to hit)
The zap hits the orc warrior.
The orc warrior is heavily wounded.
The orc warrior shoots a bolt.
The bolt barely misses you.
Casting: Shock (safe; 10% risk of failure)
Confirm with . or Enter, or press ? or * to list all spells.
Aiming: Shock (safe; 10% risk of failure)
Press: ? - help, Shift-Dir - straight line, f/p - orc warrior
Aim: an orc warrior, wielding a +0 arbalest and wearing a +0 scale mail (heavily wounded, 67% to hit)
The zap hits the orc warrior but does no damage.
The orc warrior is heavily wounded.
The orc warrior shoots a bolt.
The bolt hits you!!
* * * LOW HITPOINT WARNING * * *
The orc warrior shoots a bolt.
The bolt misses you.
The orc warrior shoots a bolt.
The bolt hits you!!
You die...

.....# +.##.§..........# .....#
#.##............# ...o.# +.
#............# ...o.##
#.##............# ......#
#.............# ......##
##.............# .......##
##.......[......# ≈.≈≈≈...####
####...≈≈≈)≈≈[.....#
#.##≈......###..@...≈##.#≈≈.....#
#.∩#≈....o).........≈#∩.##≈.....#
....))...................#≈.....#
#.##≈...............≈##.##≈.....#
###≈≈...............≈≈###≈≈.....#
≈≈≈≈.................≈≈≈≈≈......#
................................#
................................#
..............................∩.#


You could see an orc warrior.

Vanquished Creatures
  Grinder (D:6)
  3 yaks (D:8)
  Menkaure (D:5)
  Edmund (D:6)
  3 orc warriors (Bailey)
  A sky beast (D:7)
  A black bear (D:4)
  2 ogres
  4 centaurs
  A phantom (D:6)
  A kobold brigand (D:8)
  A necrophage (D:7)
  7 scorpions
  3 howler monkeys
  A jelly (D:6)
  2 orc priests
  5 hounds
  Crazy Yiuf (D:4)
  Ijyb (D:5)
  Natasha (thrice) (D:3)
  5 orc wizards
  4 gnolls
  11 adders
  A white imp (D:5)
  2 worms
  4 dart slugs
  33 orcs
  9 bats
  9 endoplasms
  4 giant cockroaches (D:1)
  10 goblins
  2 hobgoblins
  6 jackals
  7 kobolds
  6 quokkas
  6 ball pythons
  2 frilled lizards (D:3)
  3 rats
167 creatures vanquished.

Vanquished Creatures (others)
  3 toadstools (D:1)
3 creatures vanquished.

Grand Total: 170 creatures vanquished

Notes
Turn   | Place    | Note
-------+----------+-------------------------------------------
     0 | D:1      | enile the Deep Elf Air Elementalist began the quest for the
                  | Orb.
     0 | D:1      | Reached XP level 1. HP: 10/10 MP: 6/6
   184 | D:1      | Reached skill level 1 in Fighting
   238 | D:1      | Reached XP level 2. HP: 16/16 MP: 6/8
   283 | D:1      | Found a burning altar of Makhleb.
  1062 | D:1      | Reached XP level 3. HP: 20/20 MP: 7/10
  1841 | D:2      | Identified the +11 battleaxe "Qogoachu" {flame, Str+7}
  1847 | D:2      | Learned a level 2 spell: Static Discharge
  1878 | D:2      | Reached skill level 5 in Spellcasting
  2225 | D:3      | Noticed Natasha
  2230 | D:3      | Killed Natasha
  2231 | D:3      | Reached XP level 4. HP: 26/26 MP: 8/13
  2463 | D:3      | Noticed Natasha
  2472 | D:3      | Killed Natasha
  2487 | D:3      | Identified the +0 scale mail "Eczereig" {rC+ Int+4 Dex+2
                  | Slay+2}
  2726 | D:3      | Noticed Natasha
  2731 | D:3      | Killed Natasha
  2732 | D:3      | Reached XP level 5. HP: 30/30 MP: 10/14
  2861 | D:3      | Reached skill level 1 in Axes
  3011 | D:3      | Noticed pigah's ghost (amateur OpAE)
  3018 | D:3      | Found a transporter.
  3053 | D:3      | Found a transporter.
  3837 | D:4      | Noticed a black bear
  3843 | D:4      | Killed a black bear
  3844 | D:4      | Reached XP level 6. HP: 27/35 MP: 11/15
  4284 | D:4      | Found a runed translucent door.
  4285 | D:4      | Noticed Crazy Yiuf
  4659 | D:4      | Found a staircase to the Ecumenical Temple.
  4669 | D:4      | Reached XP level 7. HP: 36/40 MP: 10/16
  4682 | Temple   | Entered the Ecumenical Temple
  4777 | Temple   | Became a worshipper of Vehumet
  4967 | D:4      | Learned a level 3 spell: Swiftness
  4990 | D:4      | Killed Crazy Yiuf
  5057 | D:5      | Entered Level 5 of the Dungeon
  5112 | D:5      | Noticed Menkaure
  5189 | D:5      | Killed Menkaure
  5190 | D:5      | Reached skill level 1 in Evocations
  5239 | D:5      | Noticed Ijyb
  5388 | D:4      | Identified a scroll of acquirement
  5390 | D:4      | Acquired a +6 ring of strength
  5553 | D:5      | Killed Ijyb
  5554 | D:5      | Reached XP level 8. HP: 46/46 MP: 4/17
  6692 | D:6      | Found an iron altar of Okawaru.
  6745 | D:6      | Reached skill level 5 in Dodging
  6790 | D:6      | Noticed Grinder
  6795 | D:6      | Paralysed by Grinder for 3 turns
  6806 | D:6      | Killed Grinder
  6806 | D:6      | Reached * piety under Vehumet
  6806 | D:6      | Offered knowledge of Sandblast by Vehumet.
  6809 | D:6      | Learned a level 1 spell: Sandblast
  6832 | D:6      | Noticed Edmund
  6844 | D:6      | Killed Edmund
  7161 | D:6      | Reached XP level 9. HP: 52/52 MP: 13/20
  7565 | D:7      | Reached skill level 5 in Fighting
  7565 | D:7      | Reached skill level 1 in Earth Magic
  7914 | D:8      | Reached skill level 5 in Armour
  8027 | D:8      | Offered knowledge of Poisonous Vapours by Vehumet.
  8030 | D:8      | Identified the +8 morningstar of the Special Tusks {chaos,
                  | rElec rCorr Dex+5 Stlth+}
  8138 | D:8      | Found a flagged portal.
  8140 | D:8      | Reached ** piety under Vehumet
  8151 | Bailey   | Entered a bailey
  8178 | Bailey   | Reached skill level 1 in Throwing
  8463 | Bailey   | Shot with a bolt by an orc warrior

Illustrated notes

Levels and vault maps discovered:
D:1:      amcnicky_arrival_feature_with_door, layout_loops_corners,
          minmay_gold_behind_fungi, minmay_strange_pillars, minmay_hexomino_r4
D:2:      layout_rooms
D:3:      layout_basic, gammafunk_ghost_stat_death, minmay_box_of_dots,
          uniq_natasha
D:4:      layout_loops_cross, temple_green, uniq_crazy_yiuf_cottage
D:5:      layout_basic, minivault_14, uniq_ijyb, uniq_menkaure
D:6:      layout_gridville, old_standard_altar, uniq_edmund, uniq_grinder
D:7:      layout_loops_ring
D:8:      layout_basic, enter_bailey_4
Temple:   grunt_wide_crystal_templ
Bailey:   bailey_polearm_2, bailey

Skill      XL: |  1  2  3  4  5  6  7  8  9 |
---------------+----------------------------+-----
Fighting       | 1 2 3 4 5 |  5.0
Spellcasting   | 4 5 6 |  6.0
Stealth        | 4 |  4.0
Axes           | 1 3 |  3.0
Dodging        | 4 6 |  6.6
Armour         | 2 3 4 6 |  6.0
Evocations     | 2 4 |  4.0
Air Magic      | 4 |  4.0
Earth Magic    | 3 |  3.0
Throwing       | 2 |  2.0
Conjurations   | |  1.1

Action                   |  1- 3 |  4- 6 |  7- 9 || total
-------------------------+-------+-------+-------++-------
Melee: Battleaxe         |     2 |    24 |   109 ||   135
 Fire: Arbalest          |       |       |    15 ||    15
Throw: Dart              |       |       |     7 ||     7
       Stone             |       |       |     1 ||     1
 Cast: Shock             |    74 |   102 |   149 ||   325
       Static Discharge  |       |     2 |       ||     2
       Swiftness         |       |       |     2 ||     2
       Sandblast         |       |       |     8 ||     8
Evoke: Wand              |       |       |     3 ||     3
  Use: Scroll            |       |       |     9 ||     9
Armor: Robe              |     1 |     2 |       ||     3
       Scale mail        |       |    10 |    55 ||    65
Dodge: Dodged            |     7 |    27 |   197 ||   231

Table legend: (Time is in decaauts)
 A = Elapsed time spent in this place.
 B = Non-inter-level travel time spent in this place.
 C = Inter-level travel time spent in this place.
 D = Time resting spent in this place.
 E = Time spent auto-exploring this place.
 F = Levels seen in this place.
 G = Mean time per level.
                   A        B        C        D        E       F      G
               +--------+--------+--------+--------+--------+-----+--------+
         Total |   8557 |   7828 |    729 |    244 |   6164 |  10 |  855.7 |
       Dungeon |   8124 |   7427 |    697 |    244 |   5982 |   8 | 1015.5 |
        Temple |    104 |     72 |     32 |      0 |     55 |   1 |  104.0 |
        Bailey |    327 |    327 |      0 |      0 |    127 |   1 |  327.0 |
               +--------+--------+--------+--------+--------+-----+--------+

Top non-repeatable levels by time:
     D:1: 1739 daAuts
     D:3: 1554 daAuts
     D:4: 1499 daAuts
     D:5: 1312 daAuts
     D:6: 735 daAuts
     D:7: 491 daAuts
     D:2: 450 daAuts
     D:8: 341 daAuts
  Bailey: 327 daAuts
  Temple: 104 daAuts
